 Dungeon Crawl Stone Soup version 0.30.1-9-gdf580d7c3d (webtiles) character file.

Game seed: 16897622773927232356

86 KittyFluff the Cudgeller (level 4, -6/29 HPs)
             Began as a Gargoyle Berserker on Oct 10, 2023.
             Was a Believer of Trog.
             Mangled by a gnoll
             ... wielding a +0 halberd
              (11 damage)
             ... on level 2 of the Dungeon.
             The game lasted 00:05:11 (1171 turns).

KittyFluff the Cudgeller (Gargoyle Berserker)       Turns: 1171, Time: 00:05:12

Health: -6/29      AC:  7    Str: 23    XL:     4   Next: 50%
Magic:  4/4        EV: 11    Int:  7    God:    Trog [**....]
Gold:   83         SH:  0    Dex:  9    Spells: 3/3 levels left

rFire   . . .        a - +0 mace
rCold   . . .        (no shield)
rNeg    + . .        j - +0 leather armour
rPois   ∞            (no helmet)
rElec   +            (no cloak)
rCorr   .            (no gloves)
SInv    +            (no boots)
Will    .....        (no amulet)
Stlth   +            e - ring of see invisible
HPRegen 0.24/turn    (no ring)
MPRegen 0.09/turn

%: no passive effects
@: no status effects
A: sickness immunity, AC +3, negative energy resistance 1, electricity
resistance, torment resistance 1, petrification resistance
a: Renounce Religion, Berserk, Trog's Hand


You were on level 2 of the Dungeon.
You worshipped Trog.
Trog was pleased with you.
You visited 1 branch of the dungeon, and saw 2 of its levels.

You collected 83 gold pieces.

Inventory:

Hand Weapons
 a - a +0 mace (weapon)
Missiles
 m - 3 boomerangs (quivered)
Armour
 j - a +0 leather armour (worn)
Jewellery
 e - a ring of see invisible (left hand)
 f - an amulet of faith
Scrolls
 b - a scroll of identify {unknown}
 d - a scroll of poison {unknown}
 h - a scroll of blinking {unknown}
Potions
 c - a potion of degeneration {unknown}
 g - a potion of brilliance {unknown}
 i - a potion of heal wounds {unknown}
 k - a potion of haste {unknown}
 l - a potion of cancellation {unknown}


   Skills:
 + Level 3.7 Fighting
 * Level 3.8 Maces & Flails
 * Level 3.4 Armour
 + Level 2.1 Dodging


You had 3 spell levels left.
You didn't know any spells.
Your spell library was empty.

Dungeon Overview and Level Annotations

Branches:
Dungeon (2/15)

Altars:


Innate Abilities, Weirdness & Mutations

You are immune to sickness and miasma.
Your stone body is resilient. (AC +3)
You are immune to poison.
You resist negative energy. (rN+)
You are resistant to electric shocks. (rElec)
You are resistant to unholy torment.
You are immune to petrification.


Message History

You start resting.
Magic restored.
You start resting.
You feel yourself speed up.
You start resting.
You recover from your berserk rage.
l - an orange potion
Things that are here:
a +0 antimagic hand axe; a +0 scale mail; an adder corpse You see here 3 boomerangs.
m - 3 boomerangs You see here a +0 leather armour.
You start resting.
HP restored. 2 gnolls come into view.
The gnoll shouts! x2
The gnoll moves out of view. x2
A gnoll comes into view. It is wielding a +0 whip.
The gnoll shouts!
A gnoll comes into view. It is wielding a +0 halberd.
The gnoll shouts!
The gnoll barely misses you.
The gnoll moves out of view.
The gnoll hits you but does no damage.
You sock the gnoll!
The gnoll is severely wounded.
The gnoll closely misses you.
You barely miss the gnoll.
The gnoll hits you from afar with a +3 spear.
The gnoll hits you but does no damage.
You hit the gnoll but do no damage. The gnoll closely misses you.
The gnoll hits you from afar with a +0 spear.
The gnoll hits you from afar with a +3 spear.
You hit the gnoll but do no damage. The gnoll hits you with a +0 whip!
The gnoll hits you from afar with a +0 spear.
* * * LOW HITPOINT WARNING * * *
The gnoll closely misses you. The gnoll barely misses you.
You barely miss the gnoll. The gnoll closely misses you.
The gnoll barely misses you. x2
The gnoll hits you from afar with a +0 halberd!
You die...

#.. #### ####...
##....## ##
##..#### #..
######..## #...
##......## ###
#...g####..######
#.. #...gg@...##
#.# #...g######
#. # #... .. #
#.. ## # #.. #.
#. #


You could see 4 gnolls.

Vanquished Creatures
  Terence (D:2)
  A gnoll (D:1)
  2 adders (D:2)
  2 dart slugs (D:1)
  2 endoplasms
  A goblin (D:2)
  5 hobgoblins
  A jackal (D:2)
  5 quokkas
  4 ball pythons
  4 bats
  A frilled lizard (D:1)
  A kobold (D:1)
  4 rats (D:1)
34 creatures vanquished.

Notes
Turn   | Place    | Note
-------+----------+-------------------------------------------
     0 | D:1      | KittyFluff the Gargoyle Berserker began the quest for the
                  | Orb.
     0 | D:1      | Reached XP level 1. HP: 14/14 MP: 1/1
    83 | D:1      | Reached XP level 2. HP: 16/19 MP: 2/2
   670 | D:1      | Reached XP level 3. HP: 21/23 MP: 3/3
   946 | D:2      | Found a faded altar of an unknown god.
   983 | D:2      | Reached ** piety under Trog
  1003 | D:2      | Noticed Terence
  1009 | D:2      | Reached XP level 4. HP: 24/29 MP: 4/4
  1020 | D:2      | Killed Terence
  1171 | D:2      | Mangled by a gnoll

Illustrated notes

Levels and vault maps discovered:
D:1:      dpeg_arrival_radiant, layout_loops_ring
D:2:      layout_rooms, serial_forest, infiniplex_forest_end_3,
          infiniplex_forest_clump_curved, infiniplex_forest_end_1,
          infiniplex_forest_clump_double, infiniplex_forest_corner_2,
          infiniplex_forest_lined_corner, ebering_ecumenical_altar_ruins,
          minmay_misc_feat_tiny, minmay_tromino_i4, uniq_terence

Skill      XL: |  1  2  3 |
---------------+----------+-----
Armour         | 3 |  3.4
Dodging        | 2 |  2.1
Fighting       | |  3.7
Maces & Flails | |  3.8

Action                     |  1- 3 |  4- 6 || total
---------------------------+-------+-------++-------
  Melee: Mace              |   104 |    17 ||   121
 Invoke: Berserk           |       |     1 ||     1
 Armour: Animal skin       |     8 |       ||     8
         Leather armour    |    26 |    14 ||    40
  Dodge: Dodged            |    80 |    17 ||    97
